 Dungeon Crawl Stone Soup version 0.29.1-15-g9cfb28693d (webtiles) character file.

Game seed: 16720051262581226539

58 McKennaii the Digger (level 3, 0/26 HPs)
             Began as a Demigod Earth Elementalist on Mar 2, 2023.
             Slain by a gnoll
             ... wielding a +0 halberd
              (7 damage)
             ... on level 2 of the Dungeon.
             The game lasted 00:01:18 (1415 turns).

McKennaii the Digger (Demigod Earth Elementalist)   Turns: 1415, Time: 00:01:18

Health: 0/26       AC:  2    Str:  9    XL:     3   Next: 52%
Magic:  5/9        EV: 12    Int: 21    God:
Gold:   41         SH:  0    Dex: 14    Spells: 6/7 levels left

rFire   . . .      SeeInvis .   (no weapon)
rCold   . . .      Faith    .   (no shield)
rNeg    . . .      Spirit   .   a - +0 robe
rPois   .          Reflect  .   (no helmet)
rElec   .          Harm     .   (no cloak)
rCorr   .          Rampage  .   (no gloves)
Will    .....                   (no boots)
Stlth   ++........              (no amulet)
HPRegen 0.08/turn               (no ring)
MPRegen 0.11/turn               (no ring)

@: no status effects
A: high MP 1, forlorn, divine attributes
a: no special abilities


You were on level 2 of the Dungeon.
You visited 1 branch of the dungeon, and saw 2 of its levels.

You collected 41 gold pieces.

Inventory:

Armour
 a - a +0 robe (worn)
Scrolls
 d - 2 scrolls of identify {unknown}
 e - a scroll of teleportation {unknown}
Potions
 b - a potion of magic
 c - a potion of mutation {unknown}
 f - a potion of might {unknown}
 g - a potion of haste {unknown}
 h - a potion of cancellation {unknown}


   Skills:
 - Level 1.7 Dodging
 - Level 1.7 Stealth
 + Level 2.7 Spellcasting
 - Level 0.8 Transmutations
 + Level 3.6 Earth Magic


You had 6 spell levels left.
You knew the following spells:

 Your Spells              Type           Power      Damage    Failure   Level
a - Sandblast             Erth           36%        2d10      3%          1

Your spell library contained the following spells:

 Spells                   Type           Power      Damage    Failure   Level
 Passwall                 Tmut/Erth      10%        N/A       9%          2
 Beastly Appendage        Tmut           12%        N/A       10%         1
 Wereblood                Tmut           6%         N/A       14%         2
 Stone Arrow              Conj/Erth      20%        3d8       19%         3
 Spider Form              Tmut/Pois      4%         N/A       34%         3
 Petrify                  Tmut/Erth      12%        N/A       47%         4


Dungeon Overview and Level Annotations

Branches:
Dungeon (2/15)


Innate Abilities, Weirdness & Mutations

You have an increased reservoir of magic. (+10% MP)
You shall have no god before yourself.
Your divine heritage dramatically boosts your attributes as you level up.


Message History

Aim: a gnoll, wielding a +0 halberd and wearing a +0 chain mail (89% to hit)
The blast of sand hits the gnoll but does no damage.
The gnoll barely misses you.
Unknown command.
You aren't carrying any items that you can evoke.
Unknown command.
The gnoll misses you.
You climb upwards.
There is a stone staircase leading down here.
There is a stone staircase leading down here.
You start resting.
Magic restored.
You start resting.
HP restored.
You climb downwards.
There is a stone staircase leading up here.
A gnoll is nearby!
The blast of sand hits the gnoll but does no damage.
The gnoll hits you from afar with a +0 halberd!
The blast of sand hits the gnoll but does no damage.
The gnoll closely misses you.
The gnoll hits you from afar with a +0 halberd!
* * * LOW HITPOINT WARNING * * *
You are too injured to fight recklessly!
Casting: Sandblast (safe; 3% risk of failure)
Confirm with . or Enter, or press ? or * to list all spells.
Aiming: Sandblast (safe; 3% risk of failure)
Press: ? - help, Shift-Dir - straight line, f/p - gnoll
Aim: a gnoll, wielding a +0 halberd and wearing a +0 chain mail (89% to hit)
The blast of sand hits the gnoll but does no damage.
The gnoll barely misses you.
Unknown command.
Casting: Sandblast (safe; 3% risk of failure)
Confirm with . or Enter, or press ? or * to list all spells.
Aiming: Sandblast (safe; 3% risk of failure)
Press: ? - help, Shift-Dir - straight line, f/p - gnoll
Aim: a gnoll, wielding a +0 halberd and wearing a +0 chain mail (89% to hit)
The blast of sand hits the gnoll but does no damage.
The gnoll hits you from afar with a +0 halberd!
You die...

#.:...... g...######
##.......##
.........##########.........#
.........#..)...............#
.........#..................#
.).......#...........).<....#
#.).........................#
.........#.................##
.........#.....)@.g##.....##
.......g.#.........######.#
.##......#...>.....# .#
##..⌠........##.#### .#
#.......#.#####.# .#
#.....⌠...# #.# #..<).....#
#.# #.....⌠..## #..
#........# #..


You could see a gnoll.

Vanquished Creatures
  3 gnolls
  2 dart slugs (D:1)
  4 ball pythons (D:1)
  4 bats (D:1)
  An endoplasm (D:1)
  A giant cockroach (D:1)
  A goblin (D:1)
  4 hobgoblins
  A quokka (D:1)
  A frilled lizard (D:1)
  3 kobolds
25 creatures vanquished.

Notes
Turn   | Place    | Note
-------+----------+-------------------------------------------
     0 | D:1      | McKennaii the Demigod Earth Elementalist began the quest
                  | for the Orb.
     0 | D:1      | Reached XP level 1. HP: 14/14 MP: 5/5
   378 | D:1      | Reached skill level 3 in Earth Magic
   382 | D:1      | Reached XP level 2. HP: 13/20 MP: 2/7
  1037 | D:1      | Reached XP level 3. HP: 13/26 MP: 2/9
  1106 | D:2      | HP: 1/26 [gnoll/+0 halberd (3)]
  1415 | D:2      | Slain by a gnoll

Illustrated notes

Levels and vault maps discovered:
D:1:      dpeg_arrival_chambers_temple_mockup, layout_basic
D:2:      layout_rooms, grunt_ministairs_9, uniq_crazy_yiuf_cottage

Skill      XL: |  1 |
---------------+----+-----
Spellcasting   | 2 |  2.7
Earth Magic    | 3 |  3.6
Dodging        | |  1.7
Stealth        | |  1.7
Transmutations | |  0.8

Action                   || total
-------------------------++-------
Melee: Unarmed           ||    13
 Cast: Sandblast         ||    47
Armor: Robe              ||     3
Dodge: Dodged            ||    32
